Map: Rhoskallian LE

Players

Yepla - Winner!

  • Race: Terran Terran
  • League: Master
  • Spawn Location: 12:00

ŊƳŋƳ - Winner!

  • Race: Protoss Protoss
  • League: Master
  • Spawn Location: 11:00

qqq

  • Race: Zerg Zerg
  • Spawn Location: 5:00

Massa

  • Race: Terran Terran
  • League: Platinum
  • Spawn Location: 6:00

VOD

Have the link to the VOD?

Description

Time

  • Played on: Feb. 3, 2021, 3:31 p.m.
  • Length: 8:07
Show
View Real Time Build Order
Export as new Build Order

Yepla Terran - Winner!

Build Orders: Reaper Expand 

Get SALT Encoding   

  12  0:00  SCV  
  13  0:12  SCV  
  14  0:17  Supply Depot  
  14  0:24  SCV  
  15  0:39  SCV  
  16  0:42  Barracks  
  16  0:46  Refinery  
  16  0:51  SCV  
  17  1:03  SCV  
  18  1:15  SCV  
  19  1:30  Orbital Command  
  19  1:31  Reaper  
  20  1:41  Command Center  
  20  1:55  Supply Depot  
  20  1:57  SCV  
  21  2:13  Barracks Reactor  
  21  2:15  SCV  
  21  2:19  Barracks  
  22  2:23  Refinery  
  22  2:28  SCV  
  23  2:35  Supply Depot  
  23  2:40  SCV  
  24  2:47  Factory  
  24  2:52  SCV  
  24  2:53  Orbital Command  
  24  2:55  Marine x2  
  27  3:04  SCV  
  28  3:06  Barracks Tech Lab  
  28  3:13  Marine x2  
  28  3:17  SCV  
  28  3:19  SCV  
  32  3:24  Orbital Command  
  32  3:25  Stimpack  
  32  3:27  Marine  
  32  3:29  SCV  
  32  3:31  Marine  
  32  3:33  Factory Reactor  
  35  3:35  Starport  
  35  3:39  Marine  
  36  3:41  SCV  
  37  3:50  SCV, Marine x2  
  40  4:03  SCV  
  40  4:04  SCV  
  42  4:11  Supply Depot  
  42  4:16  Command Center  
  42  4:22  SCV x2  
  44  4:26  Medivac  
  44  4:27  Medivac  
  48  4:33  Marine x2  
  48  4:34  SCV, Marine  
  48  4:35  SCV  
  48  4:38  Factory Reactor  
  53  4:46  SCV  
  53  4:47  SCV  
  49  5:02  Marine x3  
  50  5:14  SCV x2  
  48  5:21  Marine x2  
  49  5:24  Medivac x2  
  54  5:39  Supply Depot  
  54  5:40  Supply Depot  
  54  5:43  Engineering Bay  
  54  5:44  Engineering Bay  
  54  5:45  Barracks  
  54  5:54  Marine  
  54  6:00  SCV x2, Marine x2  
  54  6:01  Widow Mine x2, Medivac  
  64  6:12  Marine  
  64  6:13  SCV x2  
  67  6:23  Marine x2  
  67  6:25  SCV x2, Orbital Command  
  71  6:28  Supply Depot  
  71  6:35  Widow Mine x2, Barracks Reactor  
  71  6:38  SCV, Barracks  
  71  6:39  SCV  
  77  6:48  Marine x2  
  77  6:50  Supply Depot  
  77  6:51  SCV x2  
  76  7:18  Marine x4  
  76  7:19  Marine  
  76  7:21  SCV x3  
  76  7:24  Refinery  
  76  7:26  Widow Mine x2, Refinery, Barracks Reactor  
  76  7:28  Supply Depot  
  80  7:33  SCV  
  80  7:36  Marine x2  
  82  7:44  Marine x3  
  82  7:45  SCV x2  
  82  7:46  Supply Depot  
  82  7:49  Missile Turret  
  87  7:52  Missile Turret  
  87  7:54  Missile Turret  
  87  7:57  Missile Turret  
  91  8:01  Barracks  
  91  8:02  Barracks  
  91  8:03  Barracks  
Show
View Real Time Build Order
Export as new Build Order

ŊƳŋƳ Protoss - Winner!

Build Orders: Zealot Archon, Archon Drop, Dark Templar Rush 

Get SALT Encoding   

  12  0:00  Probe  
  13  0:12  Probe  
  14  0:19  Pylon  
  14  0:24  Probe  
  15  0:37  Probe  
  15  0:40  Gateway  
  16  0:49  Probe  
  17  0:51  Assimilator  
  17  0:54  Assimilator  
  17  1:01  Probe  
  18  1:09  Gateway  
  18  1:16  Probe  
  19  1:27  Cybernetics Core  
  19  1:29  Probe  
  20  1:39  Pylon  
  20  1:41  Probe  
  21  1:53  Probe  
  22  2:00  Warp Gate (Chrono Boost)  
  22  2:04  Twilight Council  
  22  2:09  Robotics Facility  
  22  2:31  Gateway  
  22  2:42  Dark Shrine  
  22  2:53  Warp Prism (Chrono Boost)  
  24  3:02  Gateway  
  24  3:12  Gateway  
  24  3:19  Pylon  
  24  3:55  Dark Templar x3  
  30  4:17  Dark Templar  
  30  4:18  Zealot  
  34  4:48  Warp Prism (Chrono Boost)  
  34  5:02  Dark Templar  
  34  5:03  Dark Templar  
  36  5:29  Probe  
  33  5:40  Archon  
  33  5:41  Probe  
  28  5:55  Dark Templar  
  28  5:56  Zealot x3, Dark Templar  
  38  6:03  Archon  
  32  6:15  Probe  
  33  6:27  Probe, Charge (Chrono Boost)  
  34  6:37  Pylon  
  35  6:40  Probe  
  35  6:51  Nexus  
  35  6:52  Probe, Pylon  
  36  6:56  Pylon, Stalker x2  
  36  6:57  Stalker  
  36  7:00  Assimilator  
  36  7:01  Dark Templar  
  44  7:03  Assimilator  
  44  7:14  Dark Templar  
  46  7:20  Archon  
  46  7:26  Zealot, Stalker  
  40  8:06  Stalker x2  
  40  8:07  Stalker x2  
Show
View Real Time Build Order
Export as new Build Order

qqq Zerg 

Build Orders: Hatch First 

Get SALT Encoding   

  12  0:00  Drone  
  13  0:15  Drone  
  13  0:21  Overlord  
  14  0:46  Hatchery  
  13  0:52  Drone  
  13  0:54  Drone  
  15  1:06  Drone x2  
  17  1:33  Extractor  
  17  1:34  Drone x2, Spawning Pool  
  17  1:42  Drone  
  18  1:59  Drone  
  19  2:02  Drone  
  19  2:03  Drone  
  21  2:09  Drone  
  21  2:12  Overlord  
  22  2:20  Drone  
  22  2:21  Queen  
  25  2:24  Zergling x2  
  26  2:32  Zergling x2  
  26  2:33  Drone  
  28  2:37  Queen  
  28  2:40  Metabolic Boost  
  28  2:42  Zergling x2  
  28  2:43  Drone  
  32  2:51  Zergling x2  
  32  2:53  Drone  
  34  3:02  Zergling x2  
  35  3:09  Drone  
  36  3:15  Overlord  
  36  3:16  Hatchery  
  35  3:23  Zergling x2  
  35  3:26  Overlord  
  36  3:37  Lair  
  36  3:39  Zergling x6  
  36  3:40  Drone  
  36  3:41  Drone  
  38  4:06  Spore Crawler  
  37  4:12  Drone x2  
  37  4:16  Spore Crawler  
  32  4:34  Zergling x6  
  32  4:35  Zergling x6  
  37  4:43  Queen  
  37  4:44  Drone x2  
  31  5:01  Spore Crawler  
  31  5:03  Spine Crawler  
  29  5:12  Zergling x6  
  28  5:19  Overseer x2  
  28  5:23  Spire  
  27  5:32  Zergling x2  
  27  5:33  Zergling x10  
  27  5:34  Zergling x2  
  34  5:40  Zergling x2  
  34  5:41  Zergling x2  
  33  5:51  Zergling x2  
  33  5:52  Zergling x4  
  36  6:04  Zergling x2  
  34  6:05  Drone  
  34  6:06  Drone  
  34  6:13  Queen  
  34  6:29  Drone x2  
  34  6:30  Drone x3  
  39  6:52  Mutalisk  
  39  6:53  Mutalisk  
  43  6:59  Extractor  
  37  7:07  Mutalisk  
  38  7:08  Zergling x2  
  38  7:09  Zergling x2  
  38  7:10  Zergling x8  
  43  7:22  Zergling x6  
  42  7:39  Mutalisk  
Show
View Real Time Build Order
Export as new Build Order

Massa Terran 

Build Orders:  

Get SALT Encoding   

  12  0:00  SCV  
  13  0:12  SCV  
  14  0:24  SCV  
  14  0:25  Supply Depot  
  15  0:47  SCV  
  15  0:48  Barracks  
  16  0:58  Barracks  
  16  1:08  SCV  
  17  1:19  Barracks  
  17  1:20  SCV  
  18  1:37  Marine  
  18  1:39  Supply Depot  
  19  1:42  Refinery  
  19  1:46  SCV  
  20  1:47  Supply Depot  
  20  1:53  Marine  
  21  1:59  Supply Depot  
  21  2:04  SCV  
  21  2:07  Marine  
  23  2:13  Marine  
  24  2:15  Marine  
  25  2:29  Reaper  
  26  2:31  Marine  
  26  2:33  Marine  
  28  2:44  Orbital Command  
  28  2:49  Marine  
  28  2:51  Marine  
  30  3:00  Marine  
  31  3:06  Marine  
  31  3:09  Marine  
  33  3:18  Marine  
  34  3:24  Marine  
  34  3:27  Marine  
  36  3:36  Marine  
  37  3:42  Marine  
  37  3:44  Marine  
  39  3:54  Marine  
  40  4:00  Marine  
  40  4:02  Marine  
  39  4:31  Orbital Command  
  39  4:32  Marine  
  39  4:33  Marine x2  
  42  4:50  Marine x2  
  44  4:55  Command Center  
  13  5:36  SCV  
  9  6:05  SCV  
  1  6:26  Orbital Command  
  2  7:01  SCV  
  2  7:13  SCV  
  3  7:25  SCV  
  4  7:37  SCV  
  5  7:49  SCV  
Tags
 
Add a new tag
Caveats
  • Supply blocks, unpowered buildings, or Contaminate may cause inaccurate times.
  • Supply counts are checked every 10 seconds.